 Dungeon Crawl Stone Soup version 0.30-b1-2-g02819fbbbe (webtiles) character file.

Game seed: 4712755257547833563

63 raph the Firebug (level 3, -2/19 HPs)
             Began as a Deep Elf Fire Elementalist on Sept 2, 2023.
             Was an Initiate of Sif Muna.
             Slain by a river rat (9 damage)
             ... summoned by Eustachio
             ... on level 4 of the Dungeon.
             The game lasted 00:02:58 (2136 turns).

raph the Firebug (Deep Elf Fire Elementalist)       Turns: 2136, Time: 00:02:59

Health: -2/19      AC:  3    Str:  5    XL:     3   Next: 89%
Magic:  9/9        EV: 12    Int: 21    God:    Sif Muna [......]
Gold:   61         SH:  0    Dex: 15    Spells: 2/8 levels left

rFire   . . .        n - +2 dagger (venom)
rCold   . . .        (no shield)
rNeg    . . .        a - +0 robe
rPois   .            (no helmet)
rElec   .            (no cloak)
rCorr   .            (no gloves)
SInv    .            p - +0 pair of boots
Will    .....        (no amulet)
Stlth   ++           (no ring)
HPRegen 0.23/turn    (no ring)
MPRegen 0.11/turn

%: no passive effects
@: no status effects
A: no striking features
a: Renounce Religion


You were on level 4 of the Dungeon.
You worshipped Sif Muna.
Sif Muna was noncommittal.
You visited 1 branch of the dungeon, and saw 5 of its levels.

You collected 61 gold pieces.

Inventory:

Hand Weapons
 g - a +2 vampiric short sword
 j - a +1 sling of draining
 n - a +2 dagger of venom (weapon)
Armour
 a - a +0 robe (worn)
 p - a +0 pair of boots (worn)
Magical Staves
 l - a staff of death
Scrolls
 c - a scroll of brand weapon {unknown}
 d - 3 scrolls of identify {unknown}
 e - a scroll of fog {unknown}
 h - a scroll of teleportation {unknown}
Potions
 f - 2 potions of degeneration {unknown}
 i - a potion of heal wounds {unknown}
 k - a potion of ambrosia {unknown}
 m - a potion of brilliance {unknown}
 o - a potion of attraction {unknown}
 q - a potion of mutation {unknown}


   Skills:
 - Level 2.4 Dodging
 - Level 2.4 Stealth
 + Level 3.3 Spellcasting
 + Level 2.3 Conjurations
 * Level 4.6 Fire Magic


You had 2 spell levels left.
You knew the following spells:

 Your Spells              Type           Power      Damage    Failure   Level
a - Foxfire               Conj/Fire      72%        2x1d7     3%          1
b - Scorch                Fire           46%        2d6       2%          2
c - Inner Flame           Hex/Fire       13%        N/A       16%         3

Your spell library contained the following spells:

 Spells                   Type           Power      Damage    Failure   Level
 Ensorcelled Hibernation  Hex/Ice        6%         N/A       21%         2
 Passwall                 Tmut/Erth      2%         N/A       21%         2
 Volatile Blastmotes      Fire/Tloc      26%        2d12      16%         3
 Flame Wave               Conj/Fire      18%        2d7       30%         4
 Swiftness                Air            3%         N/A       36%         3


Dungeon Overview and Level Annotations

Branches:
Dungeon (5/15)
 Temple: D:4-7

Altars:
Ashenzari
Fedhas
Gozag
Kikubaaqudgha
Makhleb
Nemelex Xobeh
Sif Muna
Xom
Yredelemnul

Annotations:
D:4 Eustachio


Message History

Eustachio is no longer more vulnerable to fire.
The foxfire hits Eustachio.
Eustachio is lightly wounded.
The foxfire hits Eustachio.
Eustachio is lightly wounded.
Eustachio hits you with a +0 rapier.
* * * LOW HITPOINT WARNING * * *
Casting: Foxfire (safe; 3% risk of failure)
Confirm with . or Enter, or press ? or * to list all spells.
Flames lash Eustachio.
Eustachio is heavily wounded.
Eustachio's fire resistance burns away.
The foxfire hits Eustachio.
Eustachio is heavily wounded.
The foxfire hits Eustachio.
Eustachio is heavily wounded.
Eustachio gestures wildly while chanting.
Eustachio blinks!
Eustachio mumbles some strange words.
Casting: Scorch (safe; 2% risk of failure)
Confirm with . or Enter, or press ? or * to list all spells.
You conjure some foxfire!
Casting: Foxfire (safe; 3% risk of failure)
Confirm with . or Enter, or press ? or * to list all spells.
You conjure some foxfire!
The foxfire hits the river rat but does no damage. x2
Eustachio mumbles some strange words.
Eustachio blinks!
Your magical contamination has completely faded away.
Casting: Foxfire (safe; 3% risk of failure)
Confirm with . or Enter, or press ? or * to list all spells.
You don't have enough magic to cast this spell.
The foxfire hits the river rat but does no damage.
The foxfire hits the river rat.
The river rat is heavily wounded.
Eustachio calls on the powers of shadow!
Casting: Foxfire (safe; 3% risk of failure)
Confirm with . or Enter, or press ? or * to list all spells.
You don't have enough magic to cast this spell.
Magic courses through your body. The river rat bites you!
You die...

............
...........
..........##
...........
...[.)...§
.........#
........>#
........r#
.....@§.@#
.........#
#.....(.##
##.....##
######


You could see Eustachio (combustible) and a river rat (summoned).

Vanquished Creatures
  2 adders
  A worm (D:2)
  A dart slug (D:2)
  3 bats
  3 endoplasms
  4 goblins (D:2)
  4 hobgoblins
  4 jackals
  2 quokkas (D:2)
  5 ball pythons
  A frilled lizard (D:1)
  4 kobolds (D:2)
  4 rats
38 creatures vanquished.

Vanquished Creatures (others)
  142 foxfires
142 creatures vanquished.

Grand Total: 180 creatures vanquished

Notes
Turn   | Place    | Note
-------+----------+-------------------------------------------
     0 | D:1      | raph the Deep Elf Fire Elementalist began the quest for the
                  | Orb.
     0 | D:1      | Reached XP level 1. HP: 10/10 MP: 6/6
   424 | D:1      | Reached XP level 2. HP: 15/15 MP: 4/8
   427 | D:1      | Learned a level 2 spell: Scorch
   796 | D:2      | Reached skill level 4 in Fire Magic
  1107 | D:2      | Reached XP level 3. HP: 16/16 MP: 6/9
  1111 | D:2      | Learned a level 3 spell: Inner Flame
  1761 | D:2      | Found a faded altar of an unknown god.
  1973 | D:3      | You fall into a shaft and drop 2 floors!
  1973 | D:5      | Entered Level 5 of the Dungeon
  1973 | D:5      | Found a sparkling altar of Nemelex Xobeh.
  1973 | D:5      | Found a shimmering blue altar of Sif Muna.
  1973 | D:5      | Found a blossoming altar of Fedhas.
  1973 | D:5      | Found a shimmering altar of Xom.
  1973 | D:5      | Found a burning altar of Makhleb.
  1973 | D:5      | Found a broken altar of Ashenzari.
  1973 | D:5      | Found an ancient bone altar of Kikubaaqudgha.
  1973 | D:5      | Found an opulent altar of Gozag.
  1973 | D:5      | Found a basalt altar of Yredelemnul.
  2118 | D:5      | Became a worshipper of Sif Muna the Loreminder
  2126 | D:4      | Noticed Eustachio
  2136 | D:4      | Slain by a river rat

Illustrated notes

Levels and vault maps discovered:
D:1:      erik_arrival_blinker_ship, layout_basic, dreamdust_princess_bridge
D:2:      layout_loops_ring, ebering_ecumenical_altar_mist
D:3:      layout_basic, grunt_temple_overflow_bloody_war, minivault_14,
          minmay_cut_off, uniq_terence
D:4:      layout_rooms, kennysheep_cross_room, chequers_arboretum,
          uniq_eustachio, uniq_duvessa
D:5:      layout_rooms, nicolae_overflows_in_rows, serial_curves,
          eino_curves_03, eino_curves_02, uniq_menkaure

Skill      XL: |  1  2 |
---------------+-------+-----
Fire Magic     | 4 |  4.6
Conjurations   | 2 |  2.3
Dodging        | |  2.4
Stealth        | |  2.4
Spellcasting   | |  3.3

Action                     || total
---------------------------++-------
  Melee: Short sword       ||     4
   Cast: Foxfire           ||    85
         Scorch            ||     7
    Use: Potion            ||     1
 Armour: Robe              ||     8
  Dodge: Dodged            ||    17
